 Dungeon Crawl Stone Soup version 0.28-b1-25-g9875b3fc8c (webtiles) character file.

Game seed: 12742142842266553412

85 mopl the Insei (level 4, -2/32 HPs)
             Began as a Djinni Transmuter on Feb 8, 2022.
             Slain by a killer bee zombie (6 damage)
             ... on level 3 of the Dungeon.
             The game lasted 00:03:06 (2165 turns).

mopl the Insei (Djinni Transmuter)                  Turns: 2165, Time: 00:03:07

Health: -2/32      AC:  2    Str:  9    XL:     4   Next: 75%
Gold:   66         EV: 19    Int: 15    God:
                   SH:  0    Dex: 20

rFire   . . .      SeeInvis .     - Unarmed
rCold   . . .      Faith    .   (shield currently unavailable)
rNeg    . . .      Spirit   .   (armour currently unavailable)
rPois   ∞          Reflect  .   (helmet currently unavailable)
rElec   .          Harm     .   (cloak currently unavailable)
rCorr   .          Rampage  .   (gloves currently unavailable)
Will    .....                   (boots unavailable)
Stlth   ++........              c - amulet of the acrobat
HPRegen 0.10/turn               (no ring)
MPRegen 0.00/turn               (no ring)

@: spider-form, flying
A: venomous fangs, flying, sickness immunity, tiny, (fire resistance 2), (cold
vulnerability 1), float, innate caster, HP casting, extra vitality 1
a: End Transformation


You were on level 3 of the Dungeon.
You were a venomous arachnid creature.
You visited 1 branch of the dungeon, and saw 3 of its levels.

You collected 66 gold pieces.

Inventory:

Hand Weapons
 g - a +0 long sword of venom (melded)
Armour
 a - a +0 robe (melded)
Jewellery
 c - an amulet of the acrobat (around neck)
Scrolls
 b - a scroll of vulnerability {unknown}
 d - 2 scrolls of identify {unknown}
 e - a scroll of magic mapping {unknown}
 i - a scroll of teleportation {unknown}
Potions
 f - a potion of brilliance {unknown}
 h - a potion of flight {unknown}


   Skills:
 - Level 1.0 Fighting
 - Level 2.1 Dodging
 * Level 4.5 Unarmed Combat
 + Level 2.3 Spellcasting


You couldn't memorise any spells.
You knew the following spells:

 Your Spells              Type           Power      Damage    Failure   Level
a - Beastly Appendage     Tmut           16%        N/A       22%         1
b - Spider Form           Tmut/Pois      8%         N/A       45%         3
c - Summon Small Mammal   Summ           32%        N/A       22%         1
d - Ice Form              Ice/Tmut       8%         N/A       82%         4
w - Wereblood             Tmut           8%         N/A       28%         2
Your spell library was empty.

Dungeon Overview and Level Annotations

Branches:
Dungeon (3/15)

Altars:
Nemelex Xobeh


Innate Abilities, Weirdness & Mutations

You are a venomous arachnid creature.
You have poisonous fangs.
You are tiny and dextrous.
You are flying.
Your spellcasting is less reliable in this form.
Your armour is entirely melded.
You are incapable of wielding weapons or throwing items.
You are immune to sickness and miasma.
You are immune to poison.
((Your flesh is very heat resistant. (rF++)))
((You are vulnerable to cold. (rC-)))
You float through the air rather than walking.
You learn spells naturally, not from books.
Your magical power is your life essence.
You have superior vitality. (+4 MHP)


Message History

You barely miss the killer bee zombie.
The killer bee zombie is lightly damaged.
The killer bee zombie completely misses you.
The killer bee zombie closely misses you.
You closely miss the killer bee zombie.
The killer bee zombie is lightly damaged.
The killer bee zombie barely misses you.
You hit the killer bee zombie.
The killer bee zombie is moderately damaged.
The killer bee zombie completely misses you.
The killer bee zombie closely misses you.
You barely miss the killer bee zombie.
The killer bee zombie is moderately damaged.
The killer bee zombie closely misses you.
The killer bee zombie completely misses you.
You hit the killer bee zombie but do no damage.
The killer bee zombie is moderately damaged.
The killer bee zombie completely misses you.
You hit the killer bee zombie.
The killer bee zombie is heavily damaged.
The killer bee zombie hits you.
The killer bee zombie closely misses you.
You hit the killer bee zombie.
The killer bee zombie is heavily damaged.
The killer bee zombie barely misses you.
You hit the killer bee zombie.
The killer bee zombie is severely damaged.
The killer bee zombie hits you. x2
* * * LOW HITPOINT WARNING * * *
You hit the killer bee zombie.
The killer bee zombie is almost destroyed.
The killer bee zombie completely misses you.
The killer bee zombie closely misses you.
You barely miss the killer bee zombie.
The killer bee zombie is almost destroyed.
The killer bee zombie barely misses you.
You barely miss the killer bee zombie.
The killer bee zombie is almost destroyed.
The killer bee zombie hits you.
You die...

#.# #.# #.# #.# #.##
##.# ... #.... ..#
#.. #.##.##.# #.#
#.......######.#
#.##........##.#
#####.#####.###.##.#
#...Zs...##.#
#.##.###
#.###.......#
#....... ####.####
###...## ###)# #...#
#...# #...# #.###
#...# #.# #...# #.#
#...# #g#
#######...##


You could see a killer bee zombie.

Vanquished Creatures
  2 adders
  4 dart slugs
  6 ball pythons
  2 endoplasms
  4 giant cockroaches
  9 goblins
  6 hobgoblins
  5 jackals
  2 quokkas (D:1)
  3 bats
  3 frilled lizards
  4 kobolds
  A rat (D:2)
51 creatures vanquished.

Notes
Turn   | Place    | Note
-------+----------+-------------------------------------------
     0 | D:1      | mopl the Djinni Transmuter began the quest for the Orb.
     0 | D:1      | Reached XP level 1. HP: 17/17 MP: 0/0
   528 | D:1      | Reached XP level 2. HP: 21/22 MP: 0/0
   632 | D:1      | Reached XP level 3. HP: 7/27 MP: 0/0
   632 | D:1      | Learned a level 1 spell: Summon Small Mammal
   935 | D:1      | Reached skill level 2 in Spellcasting
  1348 | D:2      | Reached skill level 4 in Unarmed Combat
  1376 | D:2      | Found a sparkling altar of Nemelex Xobeh.
  1594 | D:2      | Reached XP level 4. HP: 23/32 MP: 0/0
  2165 | D:3      | Slain by a killer bee zombie

Illustrated notes

Levels and vault maps discovered:
D:1:      dpeg_arrival_solitude, layout_basic
D:2:      layout_loops_ring, basic_altar, minmay_misc_feat_enclosed
D:3:      layout_loops_cross, uniq_sigmund, uniq_robin

Skill      XL: |  1  2  3 |
---------------+----------+-----
Spellcasting   | 2 |  2.3
Unarmed Combat | 4 |  4.5
Fighting       | |  1.0
Dodging        | |  2.1

Action                   |  1- 3 |  4- 6 || total
-------------------------+-------+-------++-------
Melee: Unarmed           |    82 |    12 ||    94
       Headbutt          |    12 |       ||    12
       Punch             |     2 |       ||     2
       Long sword        |    16 |    33 ||    49
 Cast: Beastly Appendage |    13 |       ||    13
       Wereblood         |     2 |       ||     2
       Spider Form       |       |     1 ||     1
 Stab: Sleeping          |       |     1 ||     1
Armor: Robe              |    15 |     4 ||    19
Dodge: Dodged            |    69 |    38 ||   107
